 Dungeon Crawl Stone Soup version 0.28-a0-533-g9f97627e2a (webtiles) character file.

Game seed: 13835932545558783765

160 a11behringer the Slasher (level 5, -3/41 HPs)
             Began as a Formicid Cinder Acolyte on Sept 26, 2021.
             Was a High Priest of Ignis.
             Slain by Pikel (6 damage)
             ... on level 4 of the Dungeon.
             The game lasted 00:13:02 (2824 turns).

a11behringer the Slasher (Formicid Cinder Acolyte)  Turns: 2824, Time: 00:13:04

Health: -3/41      AC:  4    Str: 30    XL:     5   Next: 69%
Magic:  0/6        EV: 11    Int: 14    God:    Ignis [*****.]
Gold:   126        SH:  0    Dex:  7    Spells: 4/6 levels left

rFire   + . .      SeeInvis +   a - -1 falchion (flame)
rCold   . . .      Faith    .   (no shield)
rNeg    . . .      Spirit   +   b - +0 robe
rPois   .          Reflect  .   (helmet unavailable)
rElec   .          Harm     .   g - +0 cloak
rCorr   .          Rampage  .   (no gloves)
Will    .....                   h - +0 pair of boots
Stlth   +.........              d - amulet of guardian spirit
HPRegen 0.13/turn               e - +6 ring of strength
MPRegen 0.10/turn               k - +6 ring of strength

@: no status effects
A: permanent stasis, dig shafts and tunnels, antennae 3, four strong arms
a: Dig, Shaft Self, Renounce Religion, Sea of Fire, Foxfire Swarm, Rising Flame


You were on level 4 of the Dungeon.
You worshipped Ignis.
Ignis was extremely pleased with you.
You visited 1 branch of the dungeon, and saw 4 of its levels.

You collected 126 gold pieces.

Inventory:

Hand Weapons
 a - a -1 falchion of flaming (weapon)
 l - a +1 mace of protection
 o - a +1 dagger of holy wrath
Missiles
 n - 4 javelins
Armour
 b - a +0 robe (worn)
 g - a +0 cloak (worn)
 h - a +0 pair of boots (worn)
Magical Staves
 f - a staff of air
Jewellery
 d - an amulet of guardian spirit (around neck)
 e - a +6 ring of strength (left hand)
 k - a +6 ring of strength (right hand)
Wands
 m - a wand of flame (26)
Scrolls
 j - 4 scrolls of identify
Potions
 c - a potion of curing {unknown}
 i - a potion of attraction
 p - a potion of flight {unknown}
 q - a potion of degeneration {unknown}


   Skills:
 - Level 3.2 Fighting
 * Level 4.9 Long Blades
 + Level 1.6 Dodging
 + Level 0.6 Stealth
 + Level 1.1 Spellcasting
 + Level 3.7 Fire Magic


You had 4 spell levels left.
You knew the following spells:

 Your Spells              Type           Power      Damage    Failure   Level
a - Scorch                Fire           22%        2d6       9%          2

Your spell library contained the following spells:

 Spells                   Type           Power      Damage    Failure   Level


Dungeon Overview and Level Annotations

Branches:
Dungeon (4/15)
 Temple: D:4-7

Altars:

Shops:
D:1 ([

Annotations:
D:4 Pikel


Innate Abilities, Weirdness & Mutations

You cannot be hasted, slowed, berserked, paralysed or teleported.
You can dig through walls and to a lower floor.
You have a pair of large antennae on your head. (SInv)
Your four strong arms can wield two-handed weapons with a shield.


Message History

You closely miss Pikel.
Pikel hits you with a +0 whip of freezing.
Pikel freezes you.
You hit Pikel. You burn Pikel.
Pikel is lightly wounded.
Pikel hits you with a +0 whip of freezing.
* * * LOW HITPOINT WARNING * * *
Pikel freezes you.
You barely miss Pikel.
Pikel is lightly wounded.
Pikel hits you but does no damage.
You hit Pikel. You burn Pikel.
Pikel is moderately wounded.
Pikel hits you with a +0 whip of freezing.
* * * LOW HITPOINT WARNING * * *
Pikel freezes you.
* * * LOW HITPOINT WARNING * * *
You hit Pikel. You burn Pikel.
Pikel is moderately wounded.
Pikel hits you with a +0 whip of freezing.
* * * LOW HITPOINT WARNING * * *
Pikel freezes you.
* * * LOW HITPOINT WARNING * * *
You miss Pikel.
Pikel is moderately wounded.
Pikel says, "It's all about the gold, really."
Pikel misses you.
You barely miss Pikel.
Pikel is moderately wounded.
Pikel closely misses you.
You hit Pikel but do no damage.
Pikel is moderately wounded.
Pikel closely misses you.
You barely miss Pikel.
Pikel is moderately wounded.
Pikel hits you with a +0 whip of freezing.
Pikel freezes you.
* * * LOW HITPOINT WARNING * * *
Pikel hits you with a +0 whip of freezing.
You die... { # ..##########.# ...555K@..<..# ##############

You could see Pikel and 3 lemures.

Vanquished Creatures
  A lemure (D:4)
  Crazy Yiuf (D:2)
  Jessica (D:2)
  5 adders
  A worm (D:2)
  4 dart slugs
  3 ball pythons
  2 endoplasms
  A giant cockroach (D:1)
  4 goblins
  3 hobgoblins
  4 jackals (D:1)
  5 kobolds
  3 quokkas
  7 bats
  2 frilled lizards (D:1)
  3 rats
50 creatures vanquished.

Vanquished Creatures (others)
  20 foxfires (D:2)
  4 fungi (D:2)
24 creatures vanquished.

Grand Total: 74 creatures vanquished

Notes
Turn   | Place    | Note
-------+----------+-------------------------------------------
     0 | D:1      | a11behringer the Formicid Cinder Acolyte began the quest
                  | for the Orb.
     0 | D:1      | Reached XP level 1. HP: 18/18 MP: 2/2
    41 | D:1      | Found Ejahoel's Antique Weapon Shoppe.
   394 | D:1      | Found Pyessucw's Armour Shoppe.
   419 | D:1      | Reached XP level 2. HP: 24/24 MP: 3/3
   573 | D:1      | Found a faded altar of an unknown god.
   616 | D:1      | Reached XP level 3. HP: 11/29 MP: 2/4
  1025 | D:2      | Noticed Jessica
  1046 | D:2      | Killed Jessica
  1047 | D:2      | Reached skill level 4 in Long Blades
  1047 | D:2      | Reached XP level 4. HP: 10/35 MP: 2/5
  1063 | D:2      | Reached skill level 1 in Dodging
  1529 | D:2      | Found a runed translucent door.
  1530 | D:2      | Noticed Crazy Yiuf
  1547 | D:2      | Killed Crazy Yiuf
  1548 | D:2      | Reached XP level 5. HP: 10/41 MP: 0/6
  2045 | D:3      | Learned a level 2 spell: Scorch
  2802 | D:4      | Noticed a lemure
  2805 | D:4      | Noticed a lemure
  2805 | D:4      | Noticed a lemure
  2806 | D:4      | Noticed Pikel
  2813 | D:4      | Noticed a lemure
  2815 | D:4      | Killed a lemure
  2824 | D:4      | Slain by Pikel

Illustrated notes

Levels and vault maps discovered:
D:1:      lightli_arrival_windingriver, layout_rooms, serial_shops, shop, shop,
          shapermc_ecumenical_altar_ellora
D:2:      layout_rooms, serial_glass, glass_columns_a, glass_columns_b,
          uniq_jessica, uniq_crazy_yiuf_cottage
D:3:      layout_basic
D:4:      layout_loops_ring, hangedman_decor_lopped, uniq_pikel

Skill      XL: |  1  2  3  4 |
---------------+-------------+-----
Long Blades    | 4 |  4.9
Dodging        | 1 |  1.6
Fighting       | |  3.2
Stealth        | |  0.6
Spellcasting   | |  1.1
Fire Magic     | |  3.7

Action                   |  1- 3 |  4- 6 || total
-------------------------+-------+-------++-------
Melee: Falchion          |    70 |    92 ||   162
 Cast: Scorch            |       |     1 ||     1
Invok: Sea of Fire       |     1 |       ||     1
       Foxfire Swarm     |     1 |       ||     1
 Abil: Dig               |       |     2 ||     2
  Use: Scroll            |       |     4 ||     4
Armor: Robe              |    19 |    30 ||    49
Dodge: Dodged            |    55 |    53 ||   108

Table legend: (Time is in decaauts)
 A = Elapsed time spent in this place.
 B = Non-inter-level travel time spent in this place.
 C = Inter-level travel time spent in this place.
 D = Time resting spent in this place.
 E = Time spent auto-exploring this place.
 F = Levels seen in this place.
 G = Mean time per level.
                   A        B        C        D        E       F      G
               +--------+--------+--------+--------+--------+-----+--------+
         Total |   2843 |   2256 |    587 |      0 |   1799 |   4 |  710.8 |
       Dungeon |   2843 |   2256 |    587 |      0 |   1799 |   4 |  710.8 |
               +--------+--------+--------+--------+--------+-----+--------+

Top non-repeatable levels by time:
     D:2: 1026 daAuts
     D:1: 1024 daAuts
     D:3: 769 daAuts
     D:4: 22 daAuts
